 Dungeon Crawl Stone Soup version 0.30-b1-2-g02819fbbbe (webtiles) character file.

Game seed: 9060083984517787773

6976 LLlMATKO the Fighter (level 10, -1/94 HPs)
             Began as a Minotaur Berserker on Aug 10, 2023.
             Was an Elder of Trog.
             Slain by an unseen horror (9 damage)
             ... on level 10 of the Dungeon.
             The game lasted 00:09:01 (8029 turns).

LLlMATKO the Fighter (Minotaur Berserker)           Turns: 8029, Time: 00:09:01

Health: -1/94      AC: 11    Str: 34    XL:     10   Next: 81%
Magic:  9/9        EV: 10    Int:  4    God:    Trog [****..]
Gold:   378        SH: 13    Dex:  9    Spells: 9/9 levels left

rFire   + . .        O - +2 war axe (flame)
rCold   . . .        K - +0 kite shield
rNeg    . . .        P - +0 plate armour
rPois   .            B - +2 hat "Rebuoliv" {rElec rF+ Str+3 Dex-2}
rElec   +            (no cloak)
rCorr   .            E - +1 pair of gloves
SInv    .            (no boots)
Will    .....        H - amulet of reflection Stlth
                     e - +6 ring of strength
HPRegen 0.35/turn    (no ring)
MPRegen 0.11/turn

%: reflection
@: corroded, on berserk cooldown, slowed, very slow
A: horns 2, retaliatory headbutt
a: Renounce Religion, Berserk, Trog's Hand, Brothers in Arms


You were on level 10 of the Dungeon.
You worshipped Trog.
Trog was greatly pleased with you.
You visited 1 branch of the dungeon, and saw 10 of its levels.

You collected 594 gold pieces.
You spent 216 gold pieces at shops.

Inventory:

Hand Weapons
 I - a +4 war axe
 O - a +2 war axe of flaming (weapon)
Missiles
 c - 4 throwing nets
 j - 18 poisoned darts (quivered)
Armour
 B - the +2 hat "Rebuoliv" (worn) {rElec rF+ Str+3 Dex-2}
   (You bought it in a shop on level 2 of the Dungeon)

   Str:       It affects your strength (+3).
   Dex:       It affects your dexterity (-2).
   rF:        It protects you from fire.
   rElec:     It insulates you from electricity.
 E - a +1 pair of gloves (worn)
 K - a +0 kite shield (worn)
 P - a +0 plate armour (worn)
Jewellery
 a - a +5 ring of evasion
 d - a ring of willpower
 e - a +6 ring of strength (left hand)
 h - a ring of protection from fire
 v - a ring of protection from fire
 x - an amulet of guardian spirit
 H - an amulet of reflection (around neck)
 J - a +6 ring of dexterity
Wands
 y - a wand of roots (6)
 A - a wand of flame (9)
 D - a wand of mindburst (7)
 M - a wand of light (12)
Scrolls
 b - 5 scrolls of immolation {unknown}
 f - 7 scrolls of identify {unknown}
 g - 2 scrolls of silence {unknown}
 l - 6 scrolls of teleportation {unknown}
 o - 2 scrolls of fear {unknown}
 r - 2 scrolls of noise {unknown}
 t - a scroll of enchant weapon {unknown}
 u - 2 scrolls of amnesia {unknown}
 C - a scroll of vulnerability {unknown}
 F - 4 scrolls of blinking {unknown}
 N - a scroll of fog {unknown}
Potions
 i - 3 potions of degeneration {unknown}
 k - a potion of heal wounds {unknown}
 m - 2 potions of berserk rage {unknown}
 n - a potion of ambrosia {unknown}
 p - a potion of mutation {unknown}
 q - 2 potions of brilliance {unknown}
 s - 5 potions of flight {unknown}
 z - 5 potions of attraction {unknown}
 G - 4 potions of curing {unknown}
 L - a potion of invisibility {unknown}


   Skills:
 + Level 10.4 Fighting
 + Level 10.3 Axes
 + Level 10.0 Armour
 + Level 9.2 Dodging
 + Level 4.3 Shields


You had 9 spell levels left.
You didn't know any spells.
Your spell library was empty.

Dungeon Overview and Level Annotations

Branches:
Dungeon (10/15)            Temple (0/1) D:5
   Lair: D:8-11         Orc: D:9-12

Altars:
Cheibriados
Hepliaklqana
Okawaru
Qazlal
Xom

Shops:
D:2 [   D:6 (


Innate Abilities, Weirdness & Mutations

You have a pair of horns on your head.
You reflexively headbutt those who attack you in melee.


Message History

You barely miss something. Something hits you.
You slice the acid dragon!! You burn the acid dragon.
You kill the acid dragon!
Trog accepts your kill.
You miss something. Something hits you but does no damage.
You see here an acid dragon corpse.
You feel a strong urge to attack something.
Something hits you.
* * * LOW HITPOINT WARNING * * *
Something hits you.
* * * LOW HITPOINT WARNING * * *
You start resting.
You feel your anger nearly subside.
You are no longer berserk.
You are exhausted.
You feel yourself slow down.
You start resting.
Something hits you but does no damage. x2
You start resting.
Something completely misses you.
There is a strange disturbance nearby!
There is a strange disturbance nearby!
Something hits you.
* * * LOW HITPOINT WARNING * * *
Something hits you but does no damage. You block something's attack.
Something hits you but does no damage.
Found 9 gold pieces.
Something hits you but does no damage. x3
You slash something! You burn something. Something hits you.
* * * LOW HITPOINT WARNING * * *
Something hits you.
* * * LOW HITPOINT WARNING * * *
Something hits you but does no damage. x2
You miss something. You headbutt something! You block something's attack. x2
Something hits you!
* * * LOW HITPOINT WARNING * * *
You miss something. You headbutt something. Something hits you!
* * * LOW HITPOINT WARNING * * *
Something hits you but does no damage. x2
You swing at nothing.
Something hits you but does no damage.
You swing at nothing.
You block something's attack. Something hits you but does no damage.
Something hits you!
You die...

##...##...#
##....$.....
#...........
#########...........
........#.........
.....)...#......
..........#...#
..........##@#
..........##.#
..........#..#
.......†..#.##
............#
.....!..#...###
##########....#
#...#..... #.....##
#........# #.##.(.#
#........#


There were no monsters in sight!

Vanquished Creatures
  Pikel (D:8)
  A cyclops (D:9)
  A komodo dragon (D:10)
  A troll (D:9)
  A shadow (D:8)
  3 wyverns
  9 yaks
  A wraith (D:8)
  A steam dragon (D:8)
  An acid dragon (D:10)
  5 water moccasins
  4 orc warriors
  2 black bears
  An ogre (D:6)
  2 centaurs
  3 phantoms
  3 lemures (D:8)
  2 bullfrogs
  A scorpion (D:4)
  A gnoll sergeant (D:8)
  8 wights
  4 killer bees (D:8)
  3 jellies
  A gnoll bouda (D:9)
  4 hounds
  5 orc priests
  4 sleepcaps (D:6)
  2 orc wizards (D:7)
  4 iguanas
  12 gnolls
  9 adders
  2 shadow imps
  2 ufetubi
  8 worms
  2 dart slugs (D:1)
  21 orcs
  5 endoplasms
  2 giant cockroaches (D:1)
  2 hobgoblins
  8 jackals
  5 kobolds
  3 quokkas
  9 ball pythons
  4 bats
  5 frilled lizards
  6 goblins
  7 rats
191 creatures vanquished.

Vanquished Creatures (others)
  9 plants
9 creatures vanquished.

Grand Total: 200 creatures vanquished

Notes
Turn   | Place    | Note
-------+----------+-------------------------------------------
     0 | D:1      | LLlMATKO the Minotaur Berserker began the quest for the
                  | Orb.
     0 | D:1      | Reached XP level 1. HP: 19/19 MP: 0/0
    29 | D:1      | Reached XP level 2. HP: 24/27 MP: 1/1
   679 | D:2      | Found Mest's Antique Armour Emporium.
   743 | D:2      | Reached XP level 3. HP: 33/33 MP: 2/2
   769 | D:2      | Found a stormy altar of Qazlal.
   878 | D:2      | Reached ** piety under Trog
  1228 | D:3      | Reached XP level 4. HP: 39/40 MP: 3/3
  1285 | D:3      | Found a snail-covered altar of Cheibriados.
  1835 | D:3      | Found a faded altar of an unknown god.
  2193 | D:4      | Noticed a scorpion
  2199 | D:4      | Killed a scorpion
  2200 | D:4      | Reached XP level 5. HP: 47/47 MP: 4/4
  2402 | D:2      | Bought a crude hat for 216 gold pieces
  2402 | D:2      | Identified the +2 hat "Rebuoliv" {rElec rF+ Str+3 Dex-2}
                  | (You bought it in a shop on level 2 of the Dungeon)
  2777 | D:4      | Reached skill level 5 in Fighting
  2967 | D:5      | Entered Level 5 of the Dungeon
  2976 | D:5      | Reached skill level 5 in Axes
  3036 | D:5      | Found a staircase to the Ecumenical Temple.
  3078 | D:5      | Reached XP level 6. HP: 56/56 MP: 5/5
  3128 | D:5      | Noticed a water moccasin
  3140 | D:5      | Killed a water moccasin
  3387 | D:5      | Reached skill level 5 in Armour
  3387 | D:5      | Reached XP level 7. HP: 38/62 MP: 6/6
  3527 | D:5      | Reached *** piety under Trog
  4022 | D:6      | Found Naosocs's Antique Weapon Boutique.
  4031 | D:6      | Reached skill level 5 in Dodging
  4397 | D:6      | Found a shimmering altar of Xom.
  4398 | D:6      | Found an iron altar of Okawaru.
  4405 | D:6      | Reached XP level 8. HP: 63/71 MP: 7/7
  5136 | D:7      | Found a hazy altar of Hepliaklqana.
  5226 | D:7      | Reached XP level 9. HP: 81/81 MP: 8/8
  5584 | D:8      | Noticed Pikel
  5602 | D:8      | Killed Pikel
  5737 | D:8      | Reached **** piety under Trog
  6579 | D:9      | Reached XP level 10. HP: 88/89 MP: 9/9
  6666 | D:9      | Reached skill level 1 in Shields
  6770 | D:9      | Identified the +7 short sword of Mejioski {venom, rC+
                  | Int+3}
  6882 | D:9      | Noticed a cyclops
  6894 | D:9      | Killed a cyclops
  7093 | D:9      | Reached skill level 10 in Fighting
  7447 | D:9      | Reached skill level 10 in Axes
  7813 | D:10     | Entered Level 10 of the Dungeon
  7889 | D:10     | Reached skill level 10 in Armour
  8029 | D:10     | Slain by an unseen horror

Illustrated notes

Levels and vault maps discovered:
D:1:      dpeg_arrival_tiny_e, layout_basic
D:2:      layout_basic, basic_altar, serial_shops, shop, st_stairs_1,
          serial_bayou_pond_d
D:3:      layout_loops_ring, mainiacjoe_overflow_paths,
          dilly_ecumenical_altar_fadedgnrine
D:4:      kennysheep_six_static_rooms, layout_basic
D:5:      layout_gridville, minmay_temple_entry_glass, nicolae_wormholes
D:6:      layout_basic, jmf_multi_god_temple, serial_shops,
          nicolae_shop_scrapyard, hellmonk_no_cap
D:7:      layout_rooms, mainiacjoe_overflow_tiny_flanked
D:8:      layout_cave_pools, serial_co_window_serial,
          co_window_of_opportunity_a, co_window_cross_1,
          co_window_of_opportunity_a, co_window_of_opportunity_a,
          co_window_paths_a, co_window_corner_a, co_window_corner_a,
          co_window_corner_b, co_window_corner_cb, co_window_of_opportunity_b,
          co_window_4corner_b, co_window_4corner_a, glass_columns_c,
          glass_columns_b, glass_columns_a, glass_columns_c, uniq_pikel
D:9:      layout_loops_corners, minmay_stone_trees_small
D:10:     layout_rooms, dpeg_lair_monsters

Skill      XL: |  1  2  3  4  5  6  7  8  9 10 |
---------------+-------------------------------+-----
Fighting       | 4 5 6 7 9 10 | 10.4
Axes           | 4 5 6 7 9 10 | 10.3
Armour         | 3 4 5 7 9 10 | 10.0
Dodging        | 3 4 5 6 8 9 |  9.2
Shields        | 4 |  4.3

Action                     |  1- 3 |  4- 6 |  7- 9 | 10-12 || total
---------------------------+-------+-------+-------+-------++-------
  Melee: Hand axe          |    58 |   139 |   135 |       ||   332
         Headbutt          |     9 |    18 |    43 |    24 ||    94
         Punch             |       |       |     2 |       ||     2
         War axe           |       |       |    98 |    91 ||   189
 Invoke: Berserk           |     2 |     2 |     4 |     2 ||    10
 Armour: Animal skin       |     3 |       |       |       ||     3
         Ring mail         |    26 |     6 |       |       ||    32
         Scale mail        |       |    49 |    81 |     6 ||   136
         Plate armour      |       |       |       |    21 ||    21
  Dodge: Dodged            |    39 |    79 |   112 |    39 ||   269
  Block: Other             |       |       |    30 |       ||    30
         Kite shield       |       |       |    27 |    47 ||    74
         Reflection        |       |       |     1 |     2 ||     3
